 Dungeon Crawl Stone Soup version 0.31-a0-234-gad7ace16ef (webtiles) character file.

Game seed: 16576524437262769595

7204 qw the Skirmisher (level 11, -4/71 HPs)
             Began as a Gargoyle Hexslinger on July 9, 2023.
             Was a Follower of Okawaru.
             Slain by a yak (7 damage)
             ... on level 9 of the Dungeon.
             The game lasted 00:11:58 (10629 turns).

qw the Skirmisher (Gargoyle Hexslinger)            Turns: 10629, Time: 00:11:58

Health: -4/71      AC: 16    Str: 12    XL:     11   Next: 11%
Magic:  13/14      EV: 17    Int: 14    God:    Okawaru [*.....]
Gold:   554        SH:  0    Dex: 16    Spells: 11/12 levels left

rFire   + + +        e - +0 arbalest
rCold   . . .        (shield currently unavailable)
rNeg    + . .        f - +1 robe {rF+}
rPois   inf          (helmet restricted)
rElec   +            o - +0 cloak
rCorr   .            g - +1 pair of gloves
SInv    .            l - +0 pair of boots
Will    .....        j - amulet of regeneration
Stlth   +++          d - ring of protection from fire
HPRegen 1.11/turn    (no ring)
MPRegen 0.14/turn

%: no passive effects
@: about to teleport, heroic
A: sickness immunity, AC +8, negative energy resistance 1, electricity
resistance, torment resistance 1, petrification resistance, horns 1, fire
resistance 1, wild magic 1
a: Renounce Religion, Heroism


You were on level 9 of the Dungeon.
You worshipped Okawaru.
Okawaru was aware of your devotion.
You visited 2 branches of the dungeon, and saw 10 of its levels.
You also visited: Ossuary.

You collected 587 gold pieces.
You spent 33 gold pieces at shops.


Innate Abilities, Weirdness & Mutations

You are immune to sickness and miasma.
Your stone body is resilient. (AC +8)
You are immune to poison.
You resist negative energy. (rN+)
You are resistant to electric shocks. (rElec)
You are resistant to unholy torment.
You are immune to petrification.
You have a pair of small horns on your head.
Your flesh is heat resistant. (rF+)
Your spells are a little harder to cast, but a little more powerful.


   Skills:
 - Level 9.0(14.0) Fighting
 + Level 13.2(18.2) Ranged Weapons
 - Level 2.7(7.7) Armour
 - Level 4.0(9.0) Dodging
 - Level 1.0 Spellcasting
 - Level 2.6 Hexes
 - Level 4.1 Invocations


You had 11 spell levels left.
You knew the following spells:

 Your Spells              Type           Power      Damage    Failure   Level
a - Slow                  Hex            40%        N/A       13%         1

Your spell library contained the following spells:

 Spells                   Type           Power      Damage    Failure   Level
 Inner Flame              Hex/Fire       5%         N/A       50%         3
 Portal Projectile        Hex/Tloc       10%        N/A       50%         3
 Cause Fear               Hex            5%         N/A       73%         4

Inventory:

Hand Weapons
 e - a +0 arbalest (weapon)
Armour
 f - a +1 robe of fire resistance (worn)
 g - a +1 pair of gloves (worn)
 k - a +1 leather armour of willpower
 l - a +0 pair of boots (worn)
 o - a +0 cloak (worn)
 r - a +0 ring mail
Jewellery
 d - a ring of protection from fire (left hand)
 j - an amulet of regeneration (around neck)
 s - a ring of fire
Scrolls
 h - 7 scrolls of identify
 i - 2 scrolls of teleportation
Potions
 a - 2 potions of resistance
 b - 2 potions of haste
 c - 5 potions of enlightenment
 n - 2 potions of curing
 p - a potion of mutation

Dungeon Overview and Level Annotations

Branches:
Dungeon (9/15)             Temple (1/1) D:7         Ossuary (visited)
   Lair: D:8-11         Orc: D:9-12

Altars:
Ashenzari
Cheibriados
Dithmenos
Elyvilon
Fedhas
Gozag
Hepliaklqana
Kikubaaqudgha
Nemelex Xobeh
Okawaru
Qazlal
Ru
Sif Muna
Trog
Uskayaw
Vehumet
Wu Jian
Xom
Zin
The Shining One

Shops:
D:2 !


Message History

You shoot a bolt. The yak bellows! x2
The bolt hits the yak!
You kill the yak!
Okawaru accepts your kill.
You shoot a bolt. The bolt barely misses the yak.
The bolt hits the yak.
The yak is lightly wounded.
The yak gores you but does no damage.
You shoot a bolt. The bolt hits the yak.
The yak is moderately wounded.
The yak barely misses you. The yak gores you!
10623 ||| INVOKING Heroism.
You gain the combat prowess of a mighty hero.
The yak closely misses you. The yak barely misses you.
The yak closely misses you.
You shoot a bolt. The bolt hits the yak!!
You kill the yak!
Okawaru accepts your kill.
The yak misses you. x2; The yak gores you.
You shoot a bolt.
The bolt hits the yak but does no damage.
The yak is lightly wounded.
You shoot a bolt.
The bolt hits the yak but does no damage.
The yak is lightly wounded.
The yak gores you! The yak gores you. The yak barely misses you.
You shoot a bolt. The bolt hits the yak.
The yak is lightly wounded.
The yak gores you! The yak completely misses you. The yak closely misses you.
The yak gores you but does no damage. The yak gores you.
You shoot a bolt. The bolt barely misses the yak.
The yak closely misses you. The yak gores you but does no damage.
The yak gores you. The yak gores you but does no damage. The yak misses you.
The yak gores you!
10629 ||| READING 3 scrolls of teleportation.
As you read the scroll of teleportation, it crumbles to dust.
You feel strangely unstable. The yak barely misses you.
The yak gores you. x2; The yak closely misses you.
The yak gores you!
You die...

#....#...#.#
#....#...#.#
#....#...#.#
#....#).)..#
#...)).....#######
#....#.......#....
#...##.......###'#
#######Y..#.............
.....YY@Y.#...##########
......YYY.#...#
.......Y..#...##########
###+#####.#.............
#.#####.....#### #..
#..##.#... ...
#..##.#... ...
#..##.'... #..##.#...


You could see 8 yaks.

Vanquished Creatures
  A boulder beetle (D:8)
  Pikel (D:8)
  Psyche (D:8)
  A troll (D:7)
  A shadow (D:7)
  A wyvern (D:8)
  5 yaks (D:9)
  Eustachio (D:4)
  2 steam dragons
  An ice beast (D:6)
  4 water moccasins
  2 hornet zombies (Ossuary)
  A sky beast (D:6)
  An ogre (D:6)
  3 centaurs
  2 phantoms
  2 lemures (D:8)
  2 elf zombies (D:7)
  2 kobold brigands
  2 bullfrogs (D:7)
  A water moccasin zombie (Ossuary)
  2 elf skeletons (D:7)
  A gnoll sergeant (D:8)
  3 scorpions
  A wyvern zombie (Ossuary)
  6 killer bees (D:8)
  8 bullfrog zombies (Ossuary)
  3 centaur zombies (Ossuary)
  2 hounds
  2 jellies
  7 orc priests
  3 sleepcaps
  3 iguanas
  A human skeleton (D:7)
  8 orc wizards
  2 killer bee zombies (Ossuary)
  14 mummies (Ossuary)
  4 howler monkey zombies (Ossuary)
  15 adders
  21 gnolls
  2 white imps (D:6)
  3 ufetubi
  3 worms
  2 dart slugs (D:3)
  29 orcs
  10 endoplasms
  7 giant cockroaches
  8 goblins
  8 hobgoblins
  4 jackals (D:1)
  10 quokkas
  8 ball pythons
  3 bats
  3 frilled lizards
  18 kobolds
  4 orc skeletons (D:7)
  2 orc zombies (D:7)
  3 rats
270 creatures vanquished.

Notes
Turn   | Place    | Note
-------+----------+-------------------------------------------
     0 | D:1      | qw the Gargoyle Hexslinger began the quest for the Orb.
     0 | D:1      | Reached XP level 1. HP: 12/12 MP: 2/2
     0 | D:1      | 0 ||| qw: Version: 0.3-a-51-g015441d
     0 | D:1      | 0 ||| qw: Game counter: 4356
     0 | D:1      | 0 ||| qw: Melee chars always use a shield: true
     0 | D:1      | 0 ||| qw: God list: Okawaru
     0 | D:1      | 0 ||| qw: Allow faded altars: false
     0 | D:1      | 0 ||| qw: Do Orc after clearing Dungeon:15 true
     0 | D:1      | 0 ||| qw: Do second Lair branch before Depths: true
     0 | D:1      | 0 ||| qw: Lair rune preference: random
     0 | D:1      | 0 ||| qw: Goals: Normal
     0 | D:1      | 0 ||| PLANNING D:1-11
   149 | D:1      | Reached XP level 2. HP: 16/16 MP: 3/3
   218 | D:1      | Reached skill level 3 in Ranged Weapons
   401 | D:1      | Reached XP level 3. HP: 11/21 MP: 4/4
   846 | D:1      | 846 ||| UPGRADING to +0 helmet.
   851 | D:1      | 851 ||| UPGRADING to +0 leather armour.
   861 | D:1      | 861 ||| DROPPING +0 robe.
   862 | D:1      | 862 ||| READING 2 scrolls labelled NAB ESOIGE.
   863 | D:1      | 863 ||| READING scroll of enchant armour.
   863 | D:1      | 863 ||| ENCHANTING +0 helmet.
   864 | D:1      | 864 ||| READING 4 scrolls labelled AZEVABA BUMEOM.
   865 | D:1      | 865 ||| READING 3 scrolls labelled OSEOLU UR TUO.
   866 | D:1      | 866 ||| READING 4 scrolls labelled CUCEOBLALAUTT.
   871 | D:1      | 871 ||| READING scroll labelled URYMEA LINNAGU.
   872 | D:1      | 872 ||| READING 2 scrolls of identify.
   872 | D:1      | 872 ||| IDENTIFYING sedimented red potion
   873 | D:1      | 873 ||| DROPPING scroll of poison.
   874 | D:1      | 874 ||| DROPPING 3 scrolls of blinking.
   925 | D:2      | 925 ||| Stepping ~*~*~tactically~*~*~ (outnumbered).
   933 | D:2      | HP: 4/21 [gnoll/+0 spear (7)]
   934 | D:2      | 934 ||| READING 3 scrolls of teleportation.
   935 | D:2      | 935 ||| DRINKING potion of heal wounds.
   956 | D:2      | Reached XP level 4. HP: 17/26 MP: 5/5
  1017 | D:2      | Reached skill level 4 in Ranged Weapons
  1151 | D:2      | Found Heat's Distillery.
  1165 | D:2      | 1165 ||| SHOPLISTING 2 potions of curing (66 gold, have
                  | 50).
  1165 | D:2      | 1165 ||| SHOPLISTING 3 potions of heal wounds (165 gold,
                  | have 50).
  1165 | D:2      | 1165 ||| BUYING potion of curing (33 gold).
  1165 | D:2      | Bought a potion of curing for 33 gold pieces
  1165 | D:2      | 1165 ||| SHOPLISTING potion of curing (33 gold, have 17).
  1165 | D:2      | 1165 ||| SHOPLISTING potion of might (44 gold, have 17).
  1165 | D:2      | 1165 ||| SHOPLISTING potion of mutation (88 gold, have 17).
  1175 | D:2      | Found a faded altar of an unknown god.
  1362 | D:2      | 1362 ||| UPGRADING to +1 robe of fire resistance.
  1372 | D:2      | 1372 ||| DRINKING 2 golden potions.
  1373 | D:2      | 1373 ||| DROPPING potion of degeneration.
  1530 | D:3      | Reached XP level 5. HP: 29/30 MP: 6/6
  1741 | D:3      | Reached skill level 5 in Ranged Weapons
  1900 | D:3      | 1900 ||| Stepping ~*~*~tactically~*~*~ (outnumbered).
  2041 | D:3      | 2041 ||| UPGRADING to +0 pair of gloves.
  2046 | D:3      | 2046 ||| READING 2 scrolls labelled AXTOATW HYSOOQACAE.
  2047 | D:3      | 2047 ||| READING 2 scrolls of identify.
  2047 | D:3      | 2047 ||| IDENTIFYING fuming pink potion
  2048 | D:3      | 2048 ||| DROPPING scroll of fear.
  2068 | D:3      | 2068 ||| STAIRDANCE
  2072 | D:3      | 2072 ||| STAIRDANCE
  2076 | D:3      | 2076 ||| STAIRDANCE
  2080 | D:3      | 2080 ||| STAIRDANCE
  2084 | D:3      | 2084 ||| STAIRDANCE
  2088 | D:3      | 2088 ||| STAIRDANCE
  2092 | D:3      | 2092 ||| STAIRDANCE
  2096 | D:3      | 2096 ||| STAIRDANCE
  2100 | D:3      | 2100 ||| STAIRDANCE
  2104 | D:3      | 2104 ||| STAIRDANCE
  2108 | D:3      | 2108 ||| STAIRDANCE
  2112 | D:3      | 2112 ||| STAIRDANCE
  2116 | D:3      | 2116 ||| STAIRDANCE
  2120 | D:3      | 2120 ||| STAIRDANCE
  2124 | D:3      | 2124 ||| STAIRDANCE
  2128 | D:3      | 2128 ||| STAIRDANCE
  2132 | D:3      | 2132 ||| STAIRDANCE
  2136 | D:3      | 2136 ||| STAIRDANCE
  2140 | D:3      | 2140 ||| STAIRDANCE
  2144 | D:3      | 2144 ||| STAIRDANCE
  2325 | D:3      | Found a glowing golden altar of the Shining One.
  2339 | D:3      | Reached skill level 3 in Fighting
  2637 | D:3      | 2637 ||| UPGRADING to +0 pair of boots.
  2642 | D:3      | 2642 ||| UPGRADING to amulet of regeneration.
  2647 | D:3      | 2647 ||| DRINKING 2 sapphire potions.
  2744 | D:4      | Reached XP level 6. HP: 37/37 MP: 7/7
  2748 | D:4      | Found a shadowy altar of Dithmenos.
  2784 | D:4      | Reached skill level 1 in Armour
  3086 | D:4      | Reached skill level 6 in Ranged Weapons
  3245 | D:4      | Reached XP level 7. HP: 41/43 MP: 8/8
  3297 | D:4      | Noticed Eustachio
  3360 | D:4      | Killed Eustachio
  3361 | D:4      | Reached skill level 7 in Ranged Weapons
  3376 | D:4      | 3376 ||| DROPPING +0 leather armour.
  3377 | D:4      | 3377 ||| READING scroll labelled PIFIOT QOVEKK.
  3377 | D:4      | Identified a scroll of acquirement
  3377 | D:4      | 3377 ||| ACQUIRING +0 helmet of the Eternal Fruit {Rampage
                  | Dex+5}
  3377 | D:4      | Acquired the +0 helmet of the Eternal Fruit {Rampage Dex+5}
  3379 | D:4      | 3379 ||| UPGRADING to +0 helmet of the Eternal Fruit
                  | {Rampage Dex+5}.
  3389 | D:4      | 3389 ||| DROPPING +1 helmet.
  3390 | D:4      | 3390 ||| READING scroll labelled LEFAPITZING.
  3391 | D:4      | 3391 ||| DRINKING 2 grey potions.
  3392 | D:4      | 3392 ||| READING 2 scrolls of identify.
  3392 | D:4      | 3392 ||| IDENTIFYING emerald potion
  3393 | D:4      | 3393 ||| DROPPING potion of attraction.
  3418 | D:5      | Entered Level 5 of the Dungeon
  3470 | D:5      | 3470 ||| SWAPPING to +0 orcbow.
  3471 | D:5      | 3471 ||| DROPPING +1 sling.
  3526 | D:5      | 3526 ||| DRINKING potion of curing.
  3526 | D:5      | 3526 ||| (to cure confusion)
  3901 | D:5      | Reached skill level 8 in Ranged Weapons
  3901 | D:5      | Reached XP level 8. HP: 42/48 MP: 9/9
  4110 | D:5      | 4110 ||| UPGRADING to +0 cloak.
  4115 | D:5      | 4115 ||| UPGRADING to ring of protection from fire.
  4116 | D:5      | 4116 ||| DRINKING 2 fizzy green potions.
  4116 | D:5      | Gained mutation: Your flesh is heat resistant. (rF+)
                  | [potion of mutation]
  4116 | D:5      | Gained mutation: You have hidden genetic potential. [potion
                  | of mutation]
  4117 | D:5      | 4117 ||| READING 3 scrolls of identify.
  4117 | D:5      | 4117 ||| IDENTIFYING fizzy ruby potion
  4118 | D:5      | 4118 ||| READING 2 scrolls of identify.
  4118 | D:5      | 4118 ||| IDENTIFYING fuming brown potion
  4119 | D:5      | 4119 ||| DROPPING potion of lignification.
  4120 | D:5      | 4120 ||| DROPPING potion of invisibility.
  4251 | D:6      | HP: 9/49 [white imp (5)]
  4252 | D:6      | 4252 ||| READING 2 scrolls of teleportation.
  4495 | D:6      | Reached skill level 9 in Ranged Weapons
  4774 | D:6      | Reached skill level 3 in Dodging
  4807 | D:6      | Found a glowing silver altar of Zin.
  4989 | D:6      | Reached skill level 6 in Fighting
  4989 | D:6      | Reached XP level 9. HP: 55/55 MP: 10/10
  5006 | D:7      | 5006 ||| PLANNING OSSUARY
  5049 | D:7      | Gained mutation: Your spells are a little harder to cast,
                  | but a little more powerful. [hidden potential]
  5251 | D:7      | Found a staircase to the Ecumenical Temple.
  5255 | D:7      | Found a hide-covered altar of Uskayaw.
  5274 | D:7      | 5274 ||| READING scroll of enchant armour.
  5274 | D:7      | 5274 ||| ENCHANTING +0 pair of gloves.
  5287 | D:7      | Noticed a troll
  5301 | D:7      | Killed a troll
  5302 | D:7      | Reached skill level 10 in Ranged Weapons
  5621 | D:7      | Found a sand-covered staircase.
  5633 | Ossuary  | Entered an ossuary
  5712 | Ossuary  | 5712 ||| FLEEEEING.
  5783 | Ossuary  | 5783 ||| Stepping ~*~*~tactically~*~*~ (water).
  5786 | Ossuary  | Reached skill level 11 in Ranged Weapons
  5800 | Ossuary  | 5800 ||| Stepping ~*~*~tactically~*~*~ (water).
  5920 | Ossuary  | Reached XP level 10. HP: 63/63 MP: 11/11
  6008 | Ossuary  | 6008 ||| READING scroll labelled ANATOC DELLEULE.
  6009 | Ossuary  | 6009 ||| READING scroll labelled FESHRAI POCZU.
  6018 | Ossuary  | Gained mutation: You have a pair of small horns on your
                  | head. [hidden potential]
  6018 | Ossuary  | Lost mutation: You have hidden genetic potential. [hidden
                  | potential expressed]
  6019 | Ossuary  | 6019 ||| DROPPING +0 helmet of the Eternal Fruit {Rampage
                  | Dex+5}.
  6044 | D:7      | 6044 ||| PLANNING TEMPLE
  8945 | D:6      | 8945 ||| PLANNING TEMPLE
  8993 | Temple   | Entered the Ecumenical Temple
  9033 | Temple   | 9033 ||| PLANNING OKAWARU WORSHIP
  9112 | Temple   | Became a worshipper of Warmaster Okawaru
  9113 | Temple   | 9113 ||| PLANNING D:1-11
  9251 | D:8      | 9251 ||| PLANNING D:1-11
  9267 | D:8      | 9267 ||| Stepping ~*~*~tactically~*~*~ (outnumbered).
  9274 | D:8      | 9274 ||| Stepping ~*~*~tactically~*~*~ (outnumbered).
  9374 | D:8      | 9374 ||| Stepping ~*~*~tactically~*~*~ (outnumbered).
  9376 | D:8      | 9376 ||| Stepping ~*~*~tactically~*~*~ (outnumbered).
  9440 | D:8      | Noticed a boulder beetle
  9481 | D:8      | HP: 15/64 [boulder beetle (20)]
  9482 | D:8      | 9482 ||| READING 5 scrolls of teleportation.
  9483 | D:8      | 9483 ||| DRINKING potion of heal wounds.
  9700 | D:8      | Noticed Pikel
  9723 | D:8      | Killed Pikel
  9723 | D:8      | Reached * piety under Okawaru
  9724 | D:8      | Reached skill level 12 in Ranged Weapons
  9731 | D:8      | 9731 ||| INVOKING Heroism.
  9748 | D:8      | Reached skill level 1 in Invocations
  9825 | D:8      | 9825 ||| Stepping ~*~*~tactically~*~*~ (outnumbered).
  9827 | D:8      | 9827 ||| FLEEEEING.
  9828 | D:8      | 9828 ||| FLEEEEING.
  9829 | D:8      | 9829 ||| FLEEEEING.
  9830 | D:8      | 9830 ||| FLEEEEING.
  9831 | D:8      | 9831 ||| FLEEEEING.
  9832 | D:8      | 9832 ||| FLEEEEING.
  9833 | D:8      | 9833 ||| FLEEEEING.
  9834 | D:8      | 9834 ||| FLEEEEING.
  9835 | D:8      | 9835 ||| FLEEEEING.
  9836 | D:8      | 9836 ||| STAIRDANCE
  9844 | D:8      | 9844 ||| INVOKING Heroism.
  9851 | D:8      | 9851 ||| Stepping ~*~*~tactically~*~*~ (outnumbered).
  9890 | D:8      | 9890 ||| INVOKING Heroism.
  9913 | D:8      | 9913 ||| INVOKING Heroism.
  9927 | D:8      | Killed a boulder beetle
  9928 | D:8      | Reached skill level 3 in Invocations
 10098 | D:8      | 10098 ||| SWAPPING to +0 arbalest.
 10099 | D:8      | 10099 ||| DROPPING +0 orcbow.
 10121 | D:8      | Noticed Psyche
 10122 | D:8      | 10122 ||| INVOKING Heroism.
 10132 | D:8      | 10132 ||| Stepping randomly (disturbance).
 10134 | D:8      | 10134 ||| Stepping randomly (disturbance).
 10135 | D:8      | 10135 ||| Stepping randomly (disturbance).
 10138 | D:8      | 10138 ||| Stepping randomly (disturbance).
 10139 | D:8      | 10139 ||| Stepping randomly (disturbance).
 10140 | D:8      | 10140 ||| Stepping randomly (disturbance).
 10141 | D:8      | 10141 ||| Stepping randomly (disturbance).
 10157 | D:8      | 10157 ||| Stepping randomly (disturbance).
 10162 | D:8      | 10162 ||| Stepping randomly (disturbance).
 10174 | D:8      | 10174 ||| INVOKING Heroism.
 10176 | D:8      | 10176 ||| READING 5 scrolls of teleportation.
 10177 | D:8      | 10177 ||| FLEEEEING.
 10178 | D:8      | 10178 ||| FLEEEEING.
 10179 | D:8      | 10179 ||| FLEEEEING.
 10180 | D:8      | 10180 ||| FLEEEEING.
 10181 | D:8      | 10181 ||| FLEEEEING.
 10269 | D:8      | 10269 ||| INVOKING Heroism.
 10270 | D:8      | Killed Psyche
 10380 | D:9      | Reached skill level 13 in Ranged Weapons
 10383 | D:9      | Reached XP level 11. HP: 69/69 MP: 14/14
 10391 | D:9      | 10391 ||| INVOKING Heroism.
 10395 | D:9      | HP: 13/69 [yak (8)]
 10396 | D:9      | 10396 ||| READING 4 scrolls of teleportation.
 10473 | D:9      | Found an ornate altar of the Wu Jian Council.
 10515 | D:9      | 10515 ||| Stepping ~*~*~tactically~*~*~ (outnumbered).
 10519 | D:9      | 10519 ||| Stepping ~*~*~tactically~*~*~ (outnumbered).
 10524 | D:9      | Reached skill level 9 in Fighting
 10623 | D:9      | 10623 ||| INVOKING Heroism.
 10628 | D:9      | HP: 14/71 [yak (10)]
 10629 | D:9      | 10629 ||| READING 3 scrolls of teleportation.
 10629 | D:9      | HP: 3/71 [yak (6)]
 10629 | D:9      | Slain by a yak

Levels and vault maps discovered:
D:1:      lemuel_arrival_muddy, layout_loops_ring, roderic_serpentine_path
D:2:      layout_basic, serial_shops, shop,
          dreamdust_ecumenical_altar_sealed_demon, st_stairs_1
D:3:      layout_basic, mainiacjoe_overflow_tiny_flanked
D:4:      layout_gridville, mainiacjoe_overflow_concentric_impassable,
          uniq_eustachio
D:5:      layout_basic
D:6:      layout_basic, lemuel_tele_altar, serial_glass, glass_columns_c,
          glass_columns_b
D:7:      layout_loops_ring, amcnicky_altar_gilded, temple_statues,
          nicolae_ossuary_entry_catacombs
D:8:      layout_loops_ring, uniq_pikel, uniq_psyche
D:9:      layout_stronghold, nicolae_wu_jian_glorious_leap
Temple:   nicolae_temple_superstar

Skill      XL: |  1  2  3  4  5  6  7  8  9 10 11 |
---------------+----------------------------------+-----
Ranged Weapons | 3 4 5 6 8 9 11 13 | 13.2
Fighting       | 2 3 4 6 7 8 9 |  9.0
Armour         | 1 2 |  2.7
Dodging        | 2 3 4 |  4.0
Invocations    | 4 |  4.1
Spellcasting   | |  1.0
Hexes          | |  2.6

Action                     |  1- 3 |  4- 6 |  7- 9 | 10-12 || total
---------------------------+-------+-------+-------+-------++-------
  Melee: Unarmed           |       |       |       |     2 ||     2
   Fire: Sling             |   129 |   354 |    63 |       ||   546
         Orcbow            |       |       |   478 |   352 ||   830
         Arbalest          |       |       |       |    89 ||    89
 Invoke: Heroism           |       |       |       |     9 ||     9
    Use: Scroll            |     8 |     2 |     7 |     6 ||    23
         Potion            |     1 |     2 |     3 |     1 ||     7
 Armour: Robe              |    32 |    96 |   186 |   137 ||   451
         Leather armour    |    10 |     3 |       |       ||    13
         Skin              |       |       |       |     4 ||     4
  Dodge: Dodged            |    66 |   151 |   266 |   180 ||   663

Table legend:
 A = Non-vault XP
 B = Vault XP
 C = Vault XP percentage of total XP
 D = Non-vault monster count
 E = Vault monster count
 F = Vault count percentage of total count
                 A         B        C        D         E       F
            +---------+---------+-------+---------+---------+-------
      Total |    7265 |    3027 |  29.4 |     216 |      52 |  19.4
            +---------+---------+-------+---------+---------+-------
        D:1 |      57 |       0 |   0.0 |      32 |       0 |   0.0
        D:2 |      63 |      16 |  20.3 |      20 |       3 |  13.0
        D:3 |     173 |       0 |   0.0 |      24 |       0 |   0.0
        D:4 |     386 |     191 |  33.1 |      28 |       1 |   3.4
        D:5 |     527 |       0 |   0.0 |      23 |       0 |   0.0
        D:6 |    1112 |       0 |   0.0 |      22 |       0 |   0.0
        D:7 |    1053 |     404 |  27.7 |      12 |      11 |  47.8
        D:8 |    2426 |    1030 |  29.8 |      36 |       2 |   5.3
        D:9 |    1468 |       0 |   0.0 |      19 |       0 |   0.0
    Ossuary |       0 |    1386 | 100.0 |       0 |      35 | 100.0
            +---------+---------+-------+---------+---------+-------
